 Dungeon Crawl Stone Soup version 0.27-a0-577-ge2a43ba0c9 (webtiles) character file.

Game seed: 3915175308843913442

125672 Anon1729 the Bludgeoner (level 16, -1/144 HPs)
             Began as a Palentonga Warper on Mar 9, 2021.
             Was the Champion of Cheibriados.
             Killed by Olgreb's Toxic Radiance
             ... invoked by a naga ritualist
              (2 damage)
             ... on level 2 of the Snake Pit on Mar 10, 2021.
             The game lasted 01:12:45 (35686 turns).

Anon1729 the Bludgeoner (Palentonga Warper)        Turns: 35686, Time: 01:12:46

Health: -1/144     AC: 26    Str: 42    XL:     16   Next: 42%
Magic:  15/38      EV: 15    Int: 32    God:    Cheibriados [******]
Gold:   278        SH:  0    Dex: 28    Spells: 22/34 levels left

rFire    + . .     SeeInvis +   v - +7 great mace "Undeadhunter" {disrupt, rN+}
rCold    . . .     Faith    .   (shield currently unavailable)
rNeg     + . .     Spirit   .   T - +5 chain mail "Molasome" {Will+ Int+3 Dex+2}
rPois    .         Reflect  .   r - +0 hat {Will+}
rElec    .         Harm     .   L - +2 cloak
rCorr    .         Rampage  .   n - +0 pair of gloves of Weak Mirth {Slay+2}
Will     +++..                  (no barding)
Stlth    ..........             (no amulet)
HPRegen  0.34/turn              V - ring of protection from fire
MPRegen  0.26/turn              U - ring of Nufiamuj {+Blink MP+9 Str+7}

@: lethally poisoned (-1 -> -29), very slightly contaminated, curled up, very
slow
A: large, rugged brown scales 3, see invisible, deformed body, roll 1, armoured
tail, reflexive curl
a: Rolling Charge, Renounce Religion, Evoke Blink, Bend Time, Temporal
Distortion, Slouch, Step From Time


You were on level 2 of the Snake Pit.
You worshipped Cheibriados.
Cheibriados was exalted by your worship.
You visited 4 branches of the dungeon, and saw 25 of its levels.
You also visited: Gauntlet and Volcano.

You collected 1969 gold pieces.
You spent 1691 gold pieces at shops.

Inventory:

Hand Weapons
 v - the +7 great mace "Undeadhunter" (weapon) {disrupt, rN+}
   (You bought it in a shop on level 14 of the Dungeon)

   It protects you from negative energy.
Missiles
 e - 6 throwing nets
Armour
 n - the +0 pair of gloves of Weak Mirth (worn) {Slay+2}
   (You found it in a Gauntlet)

   It affects your accuracy and damage with ranged weapons and melee attacks
   (+2).
 r - a +0 hat of willpower (worn)
 y - +0 gold dragon scales
 C - a +0 crystal plate armour
 L - a +2 cloak (worn)
 T - the +5 chain mail "Molasome" (worn) {Will+ Int+3 Dex+2}
   (You took it off a minotaur in a Gauntlet)

   It affects your intelligence (+3).
   It affects your dexterity (+2).
   It affects your willpower, your defense against some magical effects.
Jewellery
 f - a ring of poison resistance
 m - a ring of protection from fire
 o - a ring of flight
 H - a +4 ring of protection
 N - a ring of protection from cold
 S - a ring of positive energy
 U - the ring of Nufiamuj (right hand) {+Blink MP+9 Str+7}
   (You found it in a Gauntlet)

   [ring of magical power]

   It affects your strength (+7).
   It affects your magic capacity (+9).
   It lets you blink.
 V - a ring of protection from fire (left hand)
 W - a ring of wizardry
 X - a ring of protection from cold
Wands
 a - a wand of paralysis (23)
 b - a wand of digging (11)
 t - a wand of flame (48)
 x - a wand of mindburst (8)
 P - a wand of charming (21)
 Q - a wand of polymorph (10)
 Y - a wand of iceblast (29)
Scrolls
 c - 9 scrolls of enchant weapon
 d - 2 scrolls of blinking
 g - 4 scrolls of amnesia
 h - 6 scrolls of magic mapping
 i - 4 scrolls of fear
 l - 6 scrolls of teleportation
 p - 4 scrolls of enchant armour
 u - 4 scrolls of immolation
 z - 6 scrolls of fog
 A - a scroll of summoning
 D - a scroll of brand weapon {unknown}
 G - 2 scrolls of vulnerability
 K - a scroll of holy word
Potions
 k - 4 potions of flight
 q - 3 potions of lignification
 s - 2 potions of ambrosia
 w - 7 potions of curing
 E - 5 potions of brilliance
 F - 2 potions of attraction
 I - 3 potions of mutation
 J - a potion of cancellation
 O - 2 potions of might
 R - a potion of resistance
Miscellaneous
 j - a phantom mirror
 B - a tin of tremorstones (2/2)
 Z - a box of beasts (inert)


   Skills:
 + Level 10.5 Fighting
 * Level 16.9 Maces & Flails
 - Level 0.6 Throwing
 + Level 8.3 Armour
 + Level 9.0 Dodging
 + Level 9.8 Spellcasting
 + Level 10.8 Translocations
 + Level 10.8 Invocations


You had 22 spell levels left.
You knew the following spells:

 Your Spells              Type           Power      Damage    Failure   Level
a - Blink                 Tloc           N/A        N/A       1%          2
c - Teleport Other        Tloc           71%        N/A       1%          3
d - Lesser Beckoning      Tloc           35%        N/A       1%          3
z - Manifold Assault      Tloc           71%        N/A       1%          4

Your spell library contained the following spells:

 Spells                   Type           Power      Damage    Failure   Level
 Gell's Gravitas          Tloc           35%        N/A       1%          3
 Passage of Golubria      Tloc           N/A        N/A       1%          4
 Foxfire                  Conj/Fire      60%        2x1d7     9%          1
 Magic Dart               Conj           60%        1d6       9%          1
 Iskenderun's Mystic Bla  Conj/Tloc      50%        2d11      10%         4
 Call Imp                 Summ           15%        N/A       13%         2
 Corpse Rot               Necr/Air       N/A        N/A       13%         2
 Searing Ray              Conj           30%        3d4       13%         2
 Slow                     Hex            15%        N/A       13%         2
 Confusing Touch          Hex            15%        N/A       26%         3
 Conjure Flame            Conj/Fire      15%        6-21      26%         3
 Dazzling Flash           Conj/Hex       30%        N/A       26%         3
 Inner Flame              Hex/Fire       15%        N/A       26%         3
 Mephitic Cloud           Conj/Pois/Air  15%        N/A       26%         3
 Stone Arrow              Conj/Erth      30%        3d8       26%         3
 Summon Guardian Golem    Hex/Summ       15%        N/A       26%         3
 Tukima's Dance           Hex            15%        N/A       26%         3
 Summon Forest            Summ/Tloc      25%        N/A       26%         5
 Airstrike                Air            7%         N/A       65%         4
 Animate Armour           Summ/Erth      30%        N/A       65%         4
 Animate Dead             Necr           7%         N/A       65%         4
 Cause Fear               Hex            7%         N/A       65%         4
 Dispel Undead            Necr           15%        3d10      65%         4
 Fulminant Prism          Conj/Hex       7%         3d7       65%         4
 Leda's Liquefaction      Hex/Erth       7%         N/A       65%         4
 Sticky Flame             Conj/Fire      15%        2d4       65%         4
 Fireball                 Conj/Fire      7%         3d5       94%         5
 Eringya's Noxious Bog    Tmut/Pois      7%         N/A       100%        6
 Hydra Form               Tmut           7%         N/A       100%        6
 Invisibility             Hex            15%        N/A       100%        6
 Iron Shot                Conj/Erth      7%         9d2       100%        6
 Summon Hydra             Summ           7%         N/A       100%        7
 Ignition                 Fire           7%         3d5       100%        8
 Shatter                  Erth           7%         3d10*     100%        9


Dungeon Overview and Level Annotations

Branches:
Dungeon (15/15)            Temple (0/1) D:5            Lair (6/6) D:10
 Shoals (0/4) Lair:4        Snake (2/4) Lair:3        Slime (0/5) Lair:6
    Orc (2/2) D:12            Elf (0/3) Orc:2        Vaults (0/5) D:14
 Depths (0/5) D:15        Volcano (visited)         Gauntlet (visited)

Altars:
Ashenzari
Cheibriados
Dithmenos
Elyvilon
Gozag
Kikubaaqudgha
Makhleb
Ru
Wu Jian
Yredelemnul
Zin
The Shining One
Beogh

Shops:
D:4 *   D:6 *   D:7 =   D:14 (   Orc:1 **[*   Orc:2 ***((   Snake:1 !

Annotations:
D:11 2 transporters, bmj180's ghost, journeyman DrCj
Lair:2 2 transporters, Karim's ghost, journeyman GnFi
Lair:3 exclusion: 2 oklob plants


Innate Abilities, Weirdness & Mutations

You are completely covered in rugged brown scales. (AC +3, +7% HP)
You have supernaturally acute eyesight. (SInv)
Armour fits poorly on your strangely shaped body.
You can roll at nearby foes to attack.
You have a long armoured tail.
You curl defensively after being hit.


Message History

You hear an angry hiss.
You hear a shout!
You are more poisoned.
The salamander hits you but does no damage.
The nagaraja points at you and mumbles some strange words.
The bolt of poison hits you.
You are more poisoned.
The nagaraja constricts you.
The salamander hits you from afar with a +4 halberd of protection!
You are engulfed in flames.
You resist.
Casting: Manifold Assault (mildly dangerous; 1% risk of failure)
Confirm with . or Enter, or press ? or * to list all spells.
Space momentarily warps into an impossible shape!
You completely miss the nagaraja.
You pound the naga warrior like an anvil!!!
You bludgeon the shock serpent!! You bludgeon the salamander!!
The shock serpent's electric aura discharges, shocking you!
* * * LOW HITPOINT WARNING * * *
You feel sick.
* * * LOW HITPOINT WARNING * * *
You are more poisoned.
An anaconda comes into view.
The shock serpent bites you.
* * * LOW HITPOINT WARNING * * *
The shock serpent shocks you!
* * * LOW HITPOINT WARNING * * *
The nagaraja hits you with a +0 flail!!
* * * LOW HITPOINT WARNING * * *
The nagaraja constricts you. The salamander barely misses you.
A naga mage comes into view. It is wielding a +0 club.
The shock serpent barely misses you.
Unknown command.
Unknown command.
Unknown command.
Blink to where?
Press: ? - help, Dir - move target You escape the nagaraja's grasp.
As you read the scroll of blinking, it crumbles to dust.
* * * LOW HITPOINT WARNING * * *
You feel sick.
You die...

. #.. ....
....N.....#
###......S...
#@...........
##.....).....
#....NN......
#..NN.......
#...........
#...§S......
##...N......
##.####.###
## #


You could see a naga warrior, a nagaraja (fast, catching breath), 2 salamanders,
a naga ritualist (toxic aura), a shock serpent and a naga mage.

Vanquished Creatures
  Kirke (Lair:5)
  An ironheart preserver (D:14)
  The ghost of Witzu the Bludgeoner, a journeyman MiBe of Trog (D:15)
  Azrael (Snake:1)
  A minotaur (Gauntlet)
  A dire elephant (Lair:4)
  Snorg (D:12)
  2 fire dragons
  Harold (Lair:2)
  2 catoblepae
  18 hydras
  2 boulder beetles
  An anaconda (Snake:1)
  6 centaur warriors
  8 death yaks
  9 two-headed ogres
  Sonja (Lair:2)
  4 orc high priests (Orc:2)
  2 shock serpents (Snake:1)
  A skeletal warrior (D:15)
  Nergalle (Lair:2)
  2 unseen horrors
  A glowing orange brain (D:14)
  2 sea snakes (Snake:1)
  A phantasmal warrior (D:15)
  2 necromancers
  2 deep elf pyromancers
  3 orc knights
  A wolf spider (D:14)
  4 salamanders
  5 ugly things
  3 cyclopes
  An orc sorcerer (Orc:2)
  4 manticores
  22 elephants
  An elf zombie (D:15)
  23 cane toads
  8 black mambas
  A guardian serpent (Snake:1)
  2 naga magi (Snake:1)
  2 centaur skeletons
  3 torpor snails
  2 gargoyles
  A kobold demonologist (D:13)
  4 rime drakes
  11 komodo dragons
  3 yaktaurs (D:15)
  A guardian mummy (D:15)
  A meliai (shapeshifter) (D:14)
  A hornet (Lair:4)
  5 trolls
  5 polar bears
  A wolf spider simulacrum (D:14)
  2 raiju (Gauntlet)
  3 tyrant leeches (Lair:6)
  5 dream sheep
  35 blink frogs
  A snapping turtle (Lair:4)
  A fire dragon skeleton (D:15)
  A shadow (D:12)
  4 wraiths
  10 wyverns
  3 water elementals (D:14)
  An ice dragon skeleton (D:15)
  A fire elemental (Snake:1)
  6 basilisks
  4 fire bats (Volcano)
  3 hogs (Lair:4)
  64 yaks
  11 vampire mosquitoes
  3 steam dragons (Volcano)
  3 wargs
  5 nagas
  A tengu zombie (D:15)
  3 hell hounds (Snake:1)
  12 water moccasins
  Duvessa (D:7)
  24 orc warriors
  6 black bears
  14 ogres
  4 ice beasts
  23 wolves
  2 eyes of draining
  A necrophage (D:8)
  9 centaurs
  3 phantoms
  2 kobold brigands
  A gnoll sergeant (D:12)
  27 bullfrogs
  Dowan (D:7)
  3 wyvern skeletons
  6 scorpions
  7 killer bees
  10 wights
  10 electric eels
  A bullfrog zombie (D:13)
  3 centaur zombies
  3 bullfrog skeletons
  7 hounds
  4 jellies
  30 orc priests
  3 small abominations (Gauntlet)
  6 hell rats (Lair:6)
  5 iguanas
  30 orc wizards
  2 lightning spires (Gauntlet)
  11 worker ants
  2 hound zombies
  4 gnolls (D:7)
  10 adders
  4 shadow imps
  A white imp (D:9)
  An ooze (D:2)
  3 adder skeletons
  2 worms (D:2)
  3 dart slugs
  6 leopard geckos
  99 orcs
  7 giant cockroaches
  8 goblins
  7 hobgoblins
  9 jackals
  2 quokkas
  9 bats
  8 frilled lizards
  A jackal zombie (D:6)
  11 kobolds
  2 leopard gecko zombies
  3 rats
836 creatures vanquished.

Vanquished Creatures (others)
  A human (Lair:5)
  A water moccasin (Lair:5)
  An orc (D:10)
  3 demonic plants (Gauntlet)
  58 fungi
  184 plants
  6 withered plants (D:15)
254 creatures vanquished.

Grand Total: 1090 creatures vanquished

Notes
Turn   | Place    | Note
-------+----------+-------------------------------------------
     0 | D:1      | Anon1729 the Palentonga Warper began the quest for the Orb.
     0 | D:1      | Reached XP level 1. HP: 18/18 MP: 3/3
   420 | D:1      | Reached XP level 2. HP: 25/25 MP: 5/5
   443 | D:1      | Reached skill level 3 in Maces & Flails
   822 | D:1      | Reached XP level 3. HP: 31/31 MP: 6/6
  1482 | D:2      | Reached skill level 4 in Maces & Flails
  1775 | D:2      | Reached XP level 4. HP: 23/38 MP: 7/7
  2015 | D:2      | Found an opulent altar of Gozag.
  2906 | D:3      | Reached skill level 5 in Maces & Flails
  3020 | D:3      | Found a glowing silver altar of Zin.
  3348 | D:3      | Reached XP level 5. HP: 30/43 MP: 8/8
  4156 | D:4      | Identified the +0 leather armour of Lenlec {Regen+}
  4278 | D:4      | Reached skill level 6 in Maces & Flails
  4302 | D:4      | Reached XP level 6. HP: 40/51 MP: 9/9
  4328 | D:4      | Learned a level 2 spell: Blink
  4541 | D:4      | Found a glowing golden altar of the Shining One.
  4606 | D:4      | Found a basalt altar of Yredelemnul.
  4608 | D:4      | Noticed a profane servitor
  4634 | D:4      | Reached skill level 7 in Maces & Flails
  4666 | D:4      | Found Rehant's General Store.
  4672 | D:4      | Bought a scroll of noise for 10 gold pieces
  4672 | D:4      | Bought a potion of curing for 30 gold pieces
  4672 | D:4      | Bought 14 stones for 14 gold pieces
  4672 | D:4      | Bought a scroll of identify for 20 gold pieces
  4939 | D:4      | Noticed an angel
  4972 | D:5      | Entered Level 5 of the Dungeon
  5057 | D:5      | Gained mutation: You curl defensively after being hit.
                  | [Palentonga growth]
  5057 | D:5      | Reached XP level 7. HP: 33/58 MP: 10/10
  5121 | D:5      | Reached skill level 8 in Maces & Flails
  5326 | D:5      | Found a snail-covered altar of Cheibriados.
  5341 | D:5      | Became a worshipper of Cheibriados the Contemplative
  5463 | D:5      | Found a staircase to the Ecumenical Temple.
  5630 | D:5      | Noticed a yak
  5631 | D:5      | Noticed a yak
  5632 | D:5      | Noticed a yak
  5655 | D:5      | Killed a yak
  5656 | D:5      | Reached skill level 9 in Maces & Flails
  5673 | D:5      | Killed a yak
  5674 | D:5      | Reached XP level 8. HP: 28/65 MP: 11/11
  6165 | D:5      | Reached skill level 10 in Maces & Flails
  6487 | D:6      | Reached * piety under Cheibriados
  6659 | D:6      | Found Oxuenedode's Elemental Accessories.
  7275 | D:7      | Identified the +1 ring mail of Ashenzari's Supremacy {+Fly
                  | rPois rF+}
  7348 | D:7      | Found a broken altar of Ashenzari.
  7426 | D:7      | Noticed Duvessa
  7429 | D:7      | Noticed Dowan
  7465 | D:7      | Killed Duvessa
  7466 | D:7      | Reached skill level 11 in Maces & Flails
  7474 | D:7      | Killed Dowan
  7475 | D:7      | Reached XP level 9. HP: 16/72 MP: 11/13
  7721 | D:7      | Found Licwy's Jewellery Emporium.
  8324 | D:7      | Found a burning altar of Makhleb.
  8357 | D:7      | Learned a level 4 spell: Manifold Assault
  8361 | D:7      | Learned a level 3 spell: Teleport Other
  8365 | D:7      | Learned a level 3 spell: Lesser Beckoning
  8615 | D:8      | Found a shadowy altar of Dithmenos.
  8625 | D:8      | Reached skill level 1 in Armour
  8625 | D:8      | Reached ** piety under Cheibriados
  9032 | D:8      | Reached skill level 1 in Invocations
  9286 | D:9      | Found an ancient bone altar of Kikubaaqudgha.
  9292 | D:9      | Found an ornate altar of the Wu Jian Council.
  9612 | D:9      | Identified the +4 robe of the Nightingale {Will+}
  9735 | D:10     | Entered Level 10 of the Dungeon
  9890 | D:10     | Reached *** piety under Cheibriados
  9907 | D:10     | Found a staircase to the Lair.
  9997 | D:10     | Reached XP level 10. HP: 80/84 MP: 15/15
 10240 | D:10     | Noticed a gargoyle
 10244 | D:10     | Killed a gargoyle
 10245 | D:10     | Reached skill level 5 in Translocations
 10374 | D:10     | Noticed a two-headed ogre
 10383 | D:10     | Killed a two-headed ogre
 10384 | D:10     | Reached skill level 12 in Maces & Flails
 10553 | D:10     | Reached **** piety under Cheibriados
 10677 | D:11     | Found a transporter.
 10683 | D:11     | Noticed a manticore
 10683 | D:11     | Noticed a moth of wrath
 10722 | D:11     | Noticed a manticore
 10735 | D:11     | Killed a manticore
 10778 | D:11     | Noticed an unseen horror
 10784 | D:11     | Killed an unseen horror
 10785 | D:11     | Reached skill level 5 in Fighting
 10897 | D:11     | Found a glowing golden altar of the Shining One.
 10902 | D:11     | Noticed a cyclops
 10906 | D:11     | Killed a cyclops
 11250 | D:11     | Found a transporter.
 11251 | D:11     | Noticed bmj180's ghost (journeyman DrCj)
 11349 | D:12     | Noticed a manticore
 11351 | D:12     | Reached XP level 11. HP: 91/94 MP: 12/18
 11429 | D:12     | Found a gate leading to a gauntlet.
 11450 | D:12     | Reached skill level 5 in Spellcasting
 11500 | Gauntlet | Entered a Gauntlet
 11500 | Gauntlet | Found a transporter.
 11500 | Gauntlet | Found a transporter.
 11506 | Gauntlet | Found a transporter.
 11507 | Gauntlet | Found a runed translucent gate.
 11510 | Gauntlet | Found a runed translucent gate.
 11511 | Gauntlet | Found a runed translucent gate.
 11519 | Gauntlet | Found a transporter.
 11532 | Gauntlet | Found a large runed translucent door.
 11533 | Gauntlet | Found a large runed translucent door.
 11534 | Gauntlet | Found a large runed translucent door.
 11534 | Gauntlet | Found a large runed translucent door.
 11534 | Gauntlet | Found a large runed translucent door.
 11534 | Gauntlet | Found a large runed translucent door.
 11534 | Gauntlet | Found a large runed translucent door.
 11534 | Gauntlet | Found a large runed translucent door.
 11534 | Gauntlet | Noticed a death yak
 11535 | Gauntlet | Found a runed translucent door.
 11535 | Gauntlet | Found a runed translucent gate.
 11536 | Gauntlet | Found a runed translucent gate.
 11536 | Gauntlet | Found a transporter.
 11536 | Gauntlet | Found a transporter.
 11536 | Gauntlet | Found a transporter.
 11536 | Gauntlet | Noticed a death yak
 11536 | Gauntlet | Noticed a death yak
 11536 | Gauntlet | Noticed a death yak
 11537 | Gauntlet | Noticed a death yak
 11537 | Gauntlet | Noticed a death yak
 11538 | Gauntlet | Found a transporter.
 11538 | Gauntlet | Found a transporter.
 11538 | Gauntlet | Noticed a necromancer
 11551 | Gauntlet | Noticed a blizzard demon
 11553 | Gauntlet | Found a transporter.
 11568 | Gauntlet | Found a transporter.
 11578 | Gauntlet | Found a transporter.
 11578 | Gauntlet | Noticed a thrashing horror
 11583 | Gauntlet | Found a transporter.
 11608 | Gauntlet | Found a large runed translucent door.
 11609 | Gauntlet | Found a large runed translucent door.
 11610 | Gauntlet | Found a large runed translucent door.
 11610 | Gauntlet | Found a large runed translucent door.
 11610 | Gauntlet | Found a large runed translucent door.
 11610 | Gauntlet | Found a large runed translucent door.
 11611 | Gauntlet | Found a runed translucent gate.
 11611 | Gauntlet | Found a large runed translucent door.
 11611 | Gauntlet | Found a runed translucent door.
 11611 | Gauntlet | Found a large runed translucent door.
 11616 | Gauntlet | Found a transporter.
 11746 | Gauntlet | Killed a necromancer
 11754 | Gauntlet | Identified the ring of Ongiumor {rN+ MP+9}
 11851 | Gauntlet | Identified the +0 pair of gloves of Weak Mirth {Slay+2}
 11875 | Gauntlet | Identified the +5 chain mail "Molasome" {Will+ Int+3 Dex+2}
 11875 | Gauntlet | Noticed a minotaur
 11896 | Gauntlet | Killed a minotaur
 11905 | Gauntlet | Identified the ring of Nufiamuj {+Blink MP+9 Str+7}
 11918 | Gauntlet | Identified the Incunabulum of Bewitchment
 11997 | D:12     | Reached skill level 5 in Invocations
 12004 | D:12     | Reached ***** piety under Cheibriados
 12127 | D:12     | Noticed a red ugly thing
 12148 | D:12     | Noticed a two-headed ogre
 12149 | D:12     | Noticed an eight-headed hydra
 12162 | D:12     | HP: 1/95 [eight-headed hydra (6)]
 12166 | D:12     | Killed an eight-headed hydra
 12167 | D:12     | Reached skill level 13 in Maces & Flails
 12528 | D:12     | Killed a two-headed ogre
 12529 | D:12     | Reached skill level 5 in Dodging
 13088 | D:12     | Noticed a red ugly thing
 13101 | D:12     | Killed a red ugly thing
 13369 | D:12     | Found a staircase to the Orcish Mines.
 13397 | D:12     | Killed a red ugly thing
 13803 | D:12     | Noticed Snorg
 13819 | D:12     | Killed Snorg
 13820 | D:12     | Reached XP level 12. HP: 36/103 MP: 7/20
 14588 | D:13     | Reached ****** piety under Cheibriados
 14697 | D:13     | Identified the Almanac of Torrid Clay
 15147 | Lair:1   | Entered Level 1 of the Lair of Beasts
 15622 | Lair:1   | Noticed a six-headed hydra
 15629 | Lair:1   | Killed a six-headed hydra
 15630 | Lair:1   | Reached skill level 5 in Armour
 16659 | Lair:2   | Noticed Nergalle
 16662 | Lair:2   | Found a transporter.
 16673 | Lair:2   | Killed Nergalle
 16687 | Lair:2   | Noticed Karim's ghost (journeyman GnFi)
 16761 | Lair:2   | Noticed a four-headed hydra
 17056 | Lair:2   | Noticed Sonja
 17057 | Lair:2   | Killed Sonja
 17058 | Lair:2   | Reached skill level 14 in Maces & Flails
 17092 | Lair:2   | Noticed Harold
 17107 | Lair:2   | Killed Harold
 17389 | Lair:2   | Reached XP level 13. HP: 84/112 MP: 23/23
 17556 | Lair:2   | Found a transporter.
 18264 | Lair:3   | Found a dark tunnel.
 18277 | Volcano  | Entered a volcano
 18878 | Volcano  | Noticed a fire dragon
 18889 | Volcano  | Killed a fire dragon
 19521 | Lair:3   | Found a staircase to the Snake Pit.
 20585 | Lair:4   | Reached XP level 14. HP: 89/124 MP: 25/25
 20724 | Lair:4   | Reached skill level 15 in Maces & Flails
 22621 | Lair:4   | Found a staircase to the Shoals.
 23363 | Lair:5   | Noticed Kirke
 23484 | Lair:5   | Killed Kirke
 24786 | Lair:6   | Entered Level 6 of the Lair of Beasts
 24817 | Lair:6   | Identified the Collected Works on the Rocks and Hexes
 25151 | Lair:6   | Reached XP level 15. HP: 94/132 MP: 5/27
 26125 | Lair:6   | Reached skill level 16 in Maces & Flails
 26141 | Lair:6   | Reached skill level 10 in Translocations
 27184 | Lair:6   | Found a staircase to the Slime Pits.
 27741 | D:14     | Reached skill level 10 in Invocations
 28293 | D:14     | Identified Haenuado's Further Progress in Theurgy
 28626 | D:14     | Identified the +7 long sword of Tilih {flame, *Corrode +Inv
                  | Will++}
 28722 | D:14     | Found Iherex's Antique Weapon Shoppe.
 28735 | D:14     | Found a white marble altar of Elyvilon.
 28911 | D:14     | Found a gate to the Vaults.
 29500 | Orc:1    | Entered Level 1 of the Orcish Mines
 29585 | Orc:1    | Found Duennazo's Assorted Antiques.
 29597 | Orc:1    | Found Venor's Antique Armour Boutique.
 29599 | Orc:1    | Found Zifruiwa's General Store.
 29615 | Orc:1    | Found Anofiug's General Store.
 30045 | Orc:2    | Entered Level 2 of the Orcish Mines
 30688 | Orc:2    | Found Izumuonn's Antique Weapon Boutique.
 30762 | Orc:2    | Reached skill level 10 in Fighting
 30958 | Orc:2    | HP: 4/134 [orc high priest/divine providence (10)]
 30959 | Orc:2    | Found a staircase to the Elven Halls.
 31398 | Orc:2    | Found Plog's General Store.
 31398 | Orc:2    | Found Ytric's Weapon Emporium.
 31399 | Orc:2    | Found Manefiv's General Store.
 31403 | Orc:2    | Found Viemmon's General Store.
 31726 | D:14     | Bought the +7 great mace "Undeadhunter" {disrupt, rN+} for
                  | 1581 gold pieces
 31726 | D:14     | Found the +7 great mace "Undeadhunter" {disrupt, rN+}
 31751 | D:15     | Entered Level 15 of the Dungeon
 32340 | D:15     | Reached XP level 16. HP: 81/143 MP: 29/29
 32858 | D:15     | Found a runed translucent gate.
 32863 | D:15     | Found a runed translucent gate.
 32864 | D:15     | Found a runed translucent gate.
 32864 | D:15     | Noticed Witzu's ghost (journeyman MiBe)
 32959 | D:15     | Found a staircase to the Depths.
 33016 | D:15     | Found a sacrificial altar of Ru.
 33521 | D:15     | Killed Witzu's ghost
 33657 | D:15     | Identified the +7 war axe of the Volcano {elec, rN+ Will+
                  | MP+9 Stlth+}
 33904 | Snake:1  | Entered Level 1 of the Snake Pit
 34556 | Snake:1  | Found Iqabrul's Distillery.
 34587 | Snake:1  | Bought a potion of curing for 36 gold pieces
 34973 | Snake:1  | Noticed Azrael
 34984 | Snake:1  | Killed Azrael
 35685 | Snake:2  | HP: 3/144 [nagaraja/+0 flail (18)]
 35686 | Snake:2  | HP: 1/144 [poisoned by a naga ritualist (toxic radiance)]
 35686 | Snake:2  | Killed from afar by a naga ritualist

Illustrated notes

Levels and vault maps discovered:
D:1:      minmay_arrival_four_houses, layout_basic
D:2:      layout_loops_corners, lemuel_round_altar
D:3:      layout_loops_ring, nicolae_overflow_hidden_temple,
          grunt_decor_mini_mirrors
D:4:      layout_loops_ring, grunt_temple_overflow_holy_war, serial_shops, shop
D:5:      layout_basic, minmay_temple_entry_butterflies, cheibriados_altar_1
D:6:      layout_rooms, nicolae_elemental_shop, chequers_arboretum
D:7:      layout_layer_cave, makhleb_heckhound_becter,
          ashenzari_conservatory_becter, serial_shops, nicolae_shop_stone,
          nrook_uturn, uniq_duvessa
D:8:      layout_rooms, nicolae_dithmenos_shadow_blocks
D:9:      layout_stronghold, grunt_temple_overflow_open
D:10:     layout_long_grid, david_lair_generic
D:11:     layout_basic, gammafunk_ghost_berserking_beasts,
          nicolae_tso_carved_into_rock
D:12:     kennysheep_ambush_hall, layout_loops_ring, orc_0_dummy,
          gauntlet_entry_generic, uniq_snorg
D:13:     layout_rooms
D:14:     minmay_stepped, layout_basic, skrybe_vaults_entry_preservation,
          elyvilon_altar_5, serial_shops, nicolae_shop_behind_doors
D:15:     gammafunk_depths_entry_grave, layout_basic,
          gammafunk_ghost_hydra_chop, nicolae_ru_awakened_eye,
          grunt_ministairs_8, evilmike_butchery
Lair:1:   layout_long_grid
Lair:2:   layout_chaotic_city, nzn_ghost_randoct, beast_lair_carwin_11,
          uniq_sonja, uniq_harold, uniq_nergalle
Lair:3:   layout_cellular_growth, guppyfry_snake_entry_island,
          nicolae_volcano_entry_lava_flow, minmay_lair_oklob_chamber
Lair:4:   nzn_winding_woodlands_small [nzn_winding_woodlands_5x15_pool,
          nzn_winding_woodlands_center_lodge, nzn_winding_woodlands_5x15_eye],
          layout_small_grid, minmay_shoals_entry_hut, beast_lair_carwin_6
Lair:5:   layout_long_grid, uniq_kirke
Lair:6:   minmay_lair_end_frog_pond, layout_regular_city, slime_dummy
Snake:1:  layout_rooms, serial_shops, nicolae_shop_statue_plus, serial_bayou,
          serial_bayou_crossing, serial_bayou_pond_e, serial_bayou_pond_b,
          serial_bayou_pond_c, grunt_ministairs_12, uniq_azrael
Snake:2:  layout_cave_shapes, uniq_vashnia
Orc:1:    layout_caves, serial_shops, shop,
          nicolae_shop_temple_entry_statues_fountains, shop, shop
Orc:2:    st_orc_mages, layout_diamond_mine, serial_shops, shop, special_room,
          mines2_david

Skill      XL: |  1  2  3  4  5  6  7  8  9 10 11 12 13 14 15 16 |
---------------+-------------------------------------------------+-----
Maces & Flails | 3 4 5 6 7 9 11 12 13 14 15 16 | 16.9
Dodging        | 2 3 4 5 6 7 8 9 |  9.0
Fighting       | 4 5 6 7 8 9 10 | 10.5
Spellcasting   | 3 4 5 6 7 8 9 |  9.8
Translocations | 4 5 6 7 8 9 10 | 10.8
Armour         | 2 3 4 5 6 7 8 |  8.3
Invocations    | 2 4 5 7 8 9 10 | 10.8
Throwing       | |  0.6

Action                   |  1- 3 |  4- 6 |  7- 9 | 10-12 | 13-15 | 16-18 || total
-------------------------+-------+-------+-------+-------+-------+-------++-------
Melee: Mace              |   125 |   196 |   552 |       |       |       ||   873
       Tailslap          |    11 |    16 |    79 |   120 |   227 |    20 ||   473
       Morningstar       |       |       |    15 |   490 |  1179 |       ||  1684
       Great mace        |       |       |       |       |    27 |   165 ||   192
 Cast: Blink             |       |       |    17 |    13 |     9 |       ||    39
       Teleport Other    |       |       |     2 |     2 |     2 |       ||     6
       Manifold Assault  |       |       |       |    13 |   154 |    52 ||   219
       Lesser Beckoning  |       |       |       |       |     5 |       ||     5
Invok: Bend Time         |       |       |     1 |       |       |       ||     1
       Slouch            |       |       |       |       |     3 |       ||     3
 Abil: Rolling Charge    |       |     4 |    45 |    52 |    48 |     1 ||   150
Evoke: Wand              |       |       |     3 |     2 |     1 |       ||     6
       Box of beasts     |       |       |       |       |       |     1 ||     1
  Use: Scroll            |       |       |     4 |    21 |     3 |     1 ||    29
       Potion            |       |       |     6 |     2 |     1 |       ||     9
Armor: Leather armour    |    49 |    64 |   134 |    81 |       |       ||   328
       Skin              |       |       |    23 |       |       |       ||    23
       Chain mail        |       |       |       |   201 |   456 |    85 ||   742
Dodge: Dodged            |    60 |    94 |   264 |   294 |   633 |    92 ||  1437

Table legend: (Time is in decaauts)
 A = Elapsed time spent in this place.
 B = Non-inter-level travel time spent in this place.
 C = Inter-level travel time spent in this place.
 D = Time resting spent in this place.
 E = Time spent auto-exploring this place.
 F = Levels seen in this place.
 G = Mean time per level.
                   A        B        C        D        E       F      G
               +--------+--------+--------+--------+--------+-----+--------+
         Total |  47481 |  44878 |   2603 |   5291 |  33291 |  27 | 1758.6 |
       Dungeon |  23974 |  22203 |   1771 |   2733 |  16421 |  15 | 1598.3 |
          Lair |  16289 |  15671 |    618 |   1375 |  12465 |   6 | 2714.8 |
     Snake Pit |   2424 |   2331 |     93 |    574 |   1567 |   2 | 1212.0 |
  Orcish Mines |   3163 |   3044 |    119 |    341 |   2250 |   2 | 1581.5 |
       Volcano |    898 |    898 |      0 |    254 |    342 |   1 |  898.0 |
      Gauntlet |    731 |    731 |      0 |     14 |    245 |   1 |  731.0 |
               +--------+--------+--------+--------+--------+-----+--------+

Top non-repeatable levels by time:
  Lair:4: 3868 daAuts
  Lair:6: 3488 daAuts
    D:12: 3258 daAuts
    D:15: 2725 daAuts
    D:14: 2546 daAuts
 Snake:1: 2418 daAuts
  Lair:3: 2383 daAuts
  Lair:5: 2254 daAuts
  Lair:2: 2219 daAuts
  Lair:1: 2075 daAuts
   Orc:2: 1828 daAuts
    D:10: 1740 daAuts
     D:5: 1590 daAuts
     D:7: 1571 daAuts
     D:2: 1544 daAuts
